 Dungeon Crawl Stone Soup version 0.28-a0-1130-gc51a68064b (webtiles) character file.

Game seed: 15001163758547646945

102622 browni3141 the Fencer (level 16, -1/117 HPs)
             Began as a Formicid Fighter on Dec 13, 2021.
             Was the Champion of Okawaru.
             Succumbed to a redback's poison
             ... on level 3 of the Lair of Beasts.
             The game lasted 01:19:50 (35974 turns).

browni3141 the Fencer (Formicid Fighter)           Turns: 35974, Time: 01:19:51

Health: -1/117     AC: 16    Str: 26    XL:     16   Next: 86%
Magic:  26/26      EV:  7    Int: 15    God:    Okawaru [******]
Gold:   1921       SH:  0    Dex: 16    Spells: 15/15 levels left

rFire   + . .      SeeInvis +   a - +8 triple sword (elec)
rCold   + . .      Faith    .   l - +0 tower shield
rNeg    . . .      Spirit   .   F - +2 chain mail {rF+}
rPois   .          Reflect  .   (helmet unavailable)
rElec   +          Harm     .   t - scarf {+Inv}
rCorr   .          Rampage  .   r - +0 pair of gloves
Will    ++...                   O - +0 pair of boots of Heresy {rC+ Slay+2 Stlth+}
Stlth   ..........              n - amulet of regeneration
HPRegen 1.09/turn               X - ring of Wufiwoer {Will+ Int+4 SInv Stlth+}
MPRegen 0.20/turn               D - ring "Casifon" {rElec Dex+6 Slay+2}

@: confused, lethally poisoned (-1 -> -50), ambrosia-drunk
A: permanent stasis, dig shafts and tunnels, antennae 3, four strong arms
a: Dig, Shaft Self, Renounce Religion, Evoke Invisibility, Heroism, Finesse,
Duel


You were on level 3 of the Lair of Beasts.
You worshipped Okawaru.
Okawaru was exalted by your worship.
You visited 5 branches of the dungeon, and saw 25 of its levels.
You also visited: Gauntlet.

You collected 3214 gold pieces.
You spent 1293 gold pieces at shops.

Inventory:

Hand Weapons
 a - a +8 triple sword of electrocution (weapon)
 b - a +1 arbalest of flaming
 e - a +3 scimitar of flaming
Missiles
 i - 792 bolts
 y - 2 curare-tipped darts
 B - 6 throwing nets (quivered)
Armour
 l - a +0 tower shield (worn)
 r - a +0 pair of gloves (worn)
 t - a scarf of invisibility (worn)
 F - a +2 chain mail of fire resistance (worn)
 O - the +0 pair of boots of Heresy (worn) {rC+ Slay+2 Stlth+}
   (You acquired it on level 3 of the Lair of Beasts)

   Slay:      It affects your accuracy & damage with ranged weapons and melee
   (+2).
   rC:        It protects you from cold.
   Stlth:     It makes you more stealthy.
 Y - a scarf of repulsion
Jewellery
 j - a ring of fire
 m - a ring of poison resistance
 n - an amulet of regeneration (around neck)
 D - the ring "Casifon" (right hand) {rElec Dex+6 Slay+2}
   (You acquired it on level 3 of the Lair of Beasts)

   [ring of dexterity]

   Dex:       It affects your dexterity (+6).
   Slay:      It affects your accuracy & damage with ranged weapons and melee
   (+2).
   rElec:     It insulates you from electricity.
 G - the ring "Jiasow" {rN+ Int+2}
   (You found it in a Gauntlet)

   [ring of positive energy]

   Int:       It affects your intelligence (+2).
   rN:        It protects you from negative energy.
 P - a ring of wizardry
 Q - a ring of protection from cold
 X - the ring of Wufiwoer (left hand) {Will+ Int+4 SInv Stlth+}
   (You found it in a Gauntlet)

   [ring of see invisible]

   Int:       It affects your intelligence (+4).
   SInv:      It lets you see invisible.
   Will:      It increases your willpower.
   Stlth:     It makes you more stealthy.
 Z - a ring of wizardry
Wands
 C - a wand of flame (10)
 E - a wand of iceblast (11)
 J - a wand of mindburst (9)
 R - a wand of acid (7)
 W - a wand of paralysis (7)
Scrolls
 c - 3 scrolls of immolation
 d - 4 scrolls of fog
 f - 4 scrolls of noise
 q - 2 scrolls of magic mapping
 w - 3 scrolls of silence
 I - 3 scrolls of vulnerability
 M - 2 scrolls of holy word
 T - 5 scrolls of fear
 U - 2 scrolls of enchant armour
Potions
 g - a potion of cancellation
 k - 7 potions of ambrosia
 o - 9 potions of mutation
 p - 2 potions of magic
 s - 3 potions of attraction
 u - 5 potions of might
 v - 8 potions of haste
 x - 3 potions of berserk rage
 z - 6 potions of brilliance {unknown}
 A - 3 potions of lignification {unknown}
 H - 3 potions of resistance {unknown}
 L - 3 potions of heal wounds {unknown}
 N - a potion of invisibility
 V - 2 potions of flight {unknown}
Miscellaneous
 K - a lightning rod (4/4)
 S - a condenser vane


   Skills:
 + Level 8.3 Fighting
 * Level 15.5 Long Blades
 + Level 12.9 Crossbows
 + Level 10.6 Armour
 + Level 11.1 Shields
 * Level 14.4 Invocations
 * Level 11.1 Evocations


You had 15 spell levels left.
You didn't know any spells.
Your spell library contained the following spells:

 Spells                   Type           Power      Damage    Failure   Level
 Dazzling Flash           Conj/Hex       0%         N/A       100%        3
 Ozocubu's Armour         Ice            0%         N/A       100%        3
 Airstrike                Air            0%         N/A       100%        4
 Fulminant Prism          Conj/Hex       0%         3d6       100%        4
 Iskenderun's Mystic Bla  Conj/Tloc      0%         2d3       100%        4
 Passage of Golubria      Tloc           0%         N/A       100%        4
 Agony                    Necr           0%         N/A       100%        5
 Lee's Rapid Deconstruct  Erth           0%         3d5*      100%        5
 Lightning Bolt           Conj/Air       0%         1d11      100%        5
 Metabolic Englaciation   Hex/Ice        0%         N/A       100%        5
 Silence                  Hex/Air        0%         N/A       100%        5
 Yara's Violent Unravell  Hex/Tmut       0%         3d3       100%        5
 Eringya's Noxious Bog    Tmut/Pois      0%         N/A       100%        6
 Starburst                Conj/Fire      0%         6d3       100%        6
 Lehudib's Crystal Spear  Conj/Erth      0%         10d2      100%        8
 Tukima's Dance           Hex            Unusable   N/A       N/A         3
 Summon Lightning Spire   Summ/Air       Unusable   N/A       N/A         4
 Summon Forest            Summ/Tloc      Unusable   N/A       N/A         5
 Simulacrum               Ice/Necr       Unusable   N/A       N/A         6
 Summon Hydra             Summ           Unusable   N/A       N/A         7

Dungeon Overview and Level Annotations

Branches:
Dungeon (15/15)            Temple (1/1) D:4            Lair (6/6) D:9
  Swamp (0/4) Lair:4       Spider (1/4) Lair:3        Slime (0/5) Lair:5
    Orc (2/2) D:12            Elf (0/3) Orc:2        Vaults (0/5) D:14
 Depths (0/4) D:15        Gauntlet (visited)

Altars:
Ashenzari
Cheibriados
Dithmenos
Elyvilon
Fedhas
Gozag
Hepliaklqana
Kikubaaqudgha
Makhleb
Nemelex Xobeh
Okawaru
Qazlal
Ru
Sif Muna
Trog
Uskayaw
Vehumet
Wu Jian
Xom
Yredelemnul
Zin
The Shining One
Beogh

Shops:
D:2 (   D:6 (   Orc:2 ??=*

Annotations:
D:12 2 transporters, KennySheep's ghost, journeyman DECj


Innate Abilities, Weirdness & Mutations

You cannot be hasted, slowed, berserked, paralysed or teleported.
You can dig through walls and to a lower floor.
You have a pair of large antennae on your head. (SInv)
Your four strong arms can wield two-handed weapons with a shield.


Message History

You barely miss the tarantella.
The tarantella is severely wounded.
You closely miss the redback. You block the redback's attack. x2
You slice the redback!!
You kill the redback!
Okawaru accepts your kill. You block the tarantella's attack.
You miss the tarantella.
The tarantella is severely wounded.
The tarantella touches you!
You are confused.
You slash the tarantella!
The tarantella is almost dead.
The tarantella barely misses you. The tarantella touches you.
You are more confused.
You slash the tarantella!
You kill the tarantella!
Okawaru accepts your kill. The redback bites you!
You bump into the rock wall.
The redback bites you!
* * * LOW HITPOINT WARNING * * *
You are lethally poisoned!
The redback poisons you!
You bump into the rock wall.
* * * LOW HITPOINT WARNING * * *
You feel extremely sick.
The redback bites you but does no damage.
The redback bites you.
* * * LOW HITPOINT WARNING * * *
You are more poisoned.
The redback poisons you!
Okay, then.
Okay, then.
You are too confused!
You are more confused.
You feel invigorated.
* * * LOW HITPOINT WARNING * * *
You feel extremely sick.
The redback bites you but does no damage.
You die...

.#..P...........#####...## ##...
...........##..........## ##.#
....P........##.....#### #..#
..##....P.>.........P## ##.#
#....#..#.............#### #.#
#..#..................##.### #.#
........^^....s#......>..#.## #.#
...^....^^^...#.#.....#....P###..
..............##@.....####....#.#
#...^.^..^..^####.....# ##..##..
..^..^.....^^P###....## ##....#
..^..^^>^^........P..# ##....
....^^^^.^..........## #....
..^^..^^^..^^........# #.#..
.....^^^.^........P### ###..
...^^^..^^^^.#....## #..
.........^...s###..# ###


You could see a redback.

Vanquished Creatures
  Rupert (Lair:5)
  An emperor scorpion (Lair:3)
  A juggernaut zombie (D:15)
  The ghost of Vainiore the Grappler, a journeyman VSTm of Qazlal (Lair:5)
  The ghost of Ramman the Basher, a journeyman MiBe of Trog (Lair:3)
  A spark wasp (Spider:1)
  2 minotaurs
  A rakshasa (D:11)
  An ice dragon (D:11)
  Harold (D:9)
  8 hydras
  4 boulder beetles
  An ogre mage (D:15)
  Erolcha (D:12)
  9 two-headed ogres
  3 centaur warriors
  2 death knights
  A tengu warrior (D:14)
  Erica (D:8)
  6 death yaks (Lair:6)
  2 orc high priests
  The ghost of Daunt the Destroyer, a novice DEFE of Vehumet (D:10)
  9 skeletal warriors
  A fire crab (shapeshifter) (D:14)
  A storm dragon skeleton (D:15)
  A phantasmal warrior (D:14)
  A sea snake (shapeshifter) (D:14)
  The ghost of ytrimaz the Cleaver, a novice HOFi (D:5)
  3 deep elf pyromancers
  A shadow dragon zombie (D:15)
  A necromancer (D:15)
  3 orc knights
  2 orc sorcerers
  An oklob plant (Lair:6)
  A wolf spider (Lair:3)
  2 manticores
  6 ugly things
  A moth of wrath (Gauntlet)
  2 cyclopes
  Joseph (D:8)
  Maggie (D:6)
  9 elephants
  7 cane toads
  A gargoyle (D:12)
  4 black mambas
  3 torpor snails
  An unseen horror (D:12)
  A kobold demonologist (D:12)
  7 rime drakes
  3 yaktaurs (D:13)
  An efreet (D:12)
  A freezing wraith (D:14)
  A tengu conjurer (D:14)
  11 komodo dragons
  A demonic crawler (Lair:3)
  A guardian mummy (D:14)
  An ice devil (Gauntlet)
  A jumping spider (Lair:3)
  6 hornets
  5 trolls
  5 polar bears (Lair:6)
  A meliai (shapeshifter) (D:14)
  3 wolf spider simulacra
  8 slime creatures
  Prince Ribbit (D:7)
  Grinder (D:6)
  2 dream sheep (Lair:6)
  A centaur simulacrum (Gauntlet)
  5 blink frogs
  Sigmund (D:6)
  3 wyverns
  2 shadows
  6 redbacks (Lair:3)
  2 wraiths (D:12)
  15 spriggans (Lair:6)
  2 tarantellas
  65 yaks
  A fire elemental (Orc:1)
  4 basilisks
  2 steam dragons
  9 vampire mosquitoes
  A harpy simulacrum (Gauntlet)
  2 wargs
  2 acid dragons
  A hydra simulacrum (Lair:3)
  17 water moccasins
  A human skeleton (D:15)
  A hornet zombie (D:8)
  33 orc warriors
  A sky beast (D:6)
  4 black bears
  2 ice beasts
  16 ogres
  An ice dragon simulacrum (Gauntlet)
  3 boggarts (Lair:6)
  A black mamba simulacrum (Lair:3)
  3 necrophages
  28 wolves
  12 centaurs
  Blork the orc (D:6)
  A wyvern zombie (D:6)
  5 kobold brigands
  9 bullfrogs
  2 gnoll sergeants
  6 scorpions
  A cane toad simulacrum (Lair:3)
  10 killer bees
  A blink frog simulacrum (Lair:3)
  3 wights (D:9)
  4 electric eels
  4 howler monkeys
  5 centaur zombies
  2 komodo dragon simulacra (Lair:3)
  A hound (D:5)
  A bullfrog skeleton (D:6)
  10 orc priests
  2 gnoll shamans
  A centaur skeleton (D:6)
  13 orc wizards
  An iguana (D:5)
  7 hell rats (Lair:6)
  2 killer bee zombies (D:8)
  A polar bear simulacrum (Lair:3)
  A hound skeleton (D:5)
  27 gnolls
  A howler monkey skeleton (D:5)
  9 adders
  A shadow imp (D:8)
  5 white imps
  An adder skeleton (D:4)
  3 worms
  A dart slug (D:4)
  62 orcs
  A bat (D:2)
  8 endoplasms
  2 giant cockroaches
  6 goblins
  6 hobgoblins
  6 jackals
  6 ball pythons
  4 frilled lizards
  10 kobolds
  A quokka skeleton (D:4)
  4 rats
  A spectral orc (D:5)
  2 butterflies (Lair:3)
683 creatures vanquished.

Vanquished Creatures (others)
  A two-headed ogre (D:8)
  22 fungi
  38 plants
61 creatures vanquished.

Grand Total: 744 creatures vanquished

Notes
Turn   | Place    | Note
-------+----------+-------------------------------------------
     0 | D:1      | browni3141 the Formicid Fighter began the quest for the
                  | Orb.
     0 | D:1      | Reached XP level 1. HP: 18/18 MP: 1/1
   165 | D:1      | Reached XP level 2. HP: 22/24 MP: 2/2
   260 | D:1      | Reached skill level 3 in Long Blades
   880 | D:2      | Reached XP level 3. HP: 29/29 MP: 3/3
  1158 | D:2      | Reached skill level 4 in Long Blades
  1158 | D:2      | Reached XP level 4. HP: 29/35 MP: 4/4
  1826 | D:2      | Noticed a great orb of eyes
  1829 | D:2      | Found a faded altar of an unknown god.
  1831 | D:2      | Noticed a great orb of eyes
  1831 | D:2      | Noticed a golden eye
  1831 | D:2      | Noticed a great orb of eyes
  1870 | D:2      | Found Sikluky's Weapon Emporium.
  1873 | D:2      | Reached XP level 5. HP: 41/41 MP: 5/5
  2739 | D:3      | Noticed an ogre
  2746 | D:3      | Killed an ogre
  2747 | D:3      | Reached skill level 5 in Long Blades
  2747 | D:3      | Reached skill level 1 in Evocations
  2747 | D:3      | Reached XP level 6. HP: 31/47 MP: 6/6
  3270 | D:4      | Noticed a black bear
  3276 | D:4      | Killed a black bear
  3277 | D:4      | Reached skill level 6 in Long Blades
  3358 | D:4      | Found a staircase to the Ecumenical Temple.
  3377 | D:4      | Reached XP level 7. HP: 47/52 MP: 7/7
  3382 | Temple   | Entered the Ecumenical Temple
  3600 | Temple   | Became a worshipper of Warmaster Okawaru
  3880 | D:4      | Found an opulent altar of Gozag.
  4060 | D:4      | You fall into a shaft and drop 1 floor!
  4060 | D:5      | Entered Level 5 of the Dungeon
  4063 | D:5      | Noticed ytrimaz's ghost (novice HOFi)
  4404 | D:5      | Reached skill level 7 in Long Blades
  4731 | D:5      | Found a runed translucent door.
  4771 | D:5      | Reached XP level 8. HP: 33/58 MP: 8/8
  4907 | D:5      | Reached * piety under Okawaru
  5133 | D:5      | Found a hazy altar of Hepliaklqana.
  5353 | D:6      | Found Ecyl's Antique Weapon Emporium.
  5368 | D:6      | Reached skill level 8 in Long Blades
  5374 | D:6      | Bought an arbalest for 121 gold pieces
  5389 | D:6      | Reached skill level 5 in Evocations
  5418 | D:6      | Reached skill level 1 in Crossbows
  5552 | D:6      | Noticed Grinder
  5556 | D:6      | Killed Grinder
  5556 | D:6      | Reached ** piety under Okawaru
  5564 | D:6      | Noticed Blork the orc
  5573 | D:6      | Killed Blork the orc
  5574 | D:6      | Reached XP level 9. HP: 39/64 MP: 9/9
  5708 | D:6      | Found a bloodstained altar of Trog.
  5894 | D:6      | Noticed Maggie
  5913 | D:6      | Killed Maggie
  5914 | D:6      | Reached skill level 9 in Long Blades
  5950 | D:6      | Reached skill level 5 in Crossbows
  6287 | D:6      | Found a radiant altar of Vehumet.
  6502 | D:6      | Reached skill level 10 in Long Blades
  6504 | D:6      | Reached *** piety under Okawaru
  6606 | D:6      | Noticed Sigmund
  6621 | D:6      | Killed Sigmund
  6621 | D:6      | Received a gift from Okawaru
  7494 | D:7      | Reached XP level 10. HP: 44/70 MP: 8/10
  8007 | D:7      | Reached skill level 11 in Long Blades
  8480 | D:7      | Found a basalt altar of Yredelemnul.
  8556 | D:8      | Noticed a two-headed ogre
  8560 | D:8      | Noticed Prince Ribbit
  8590 | D:7      | Killed Prince Ribbit
  8968 | D:8      | Noticed Erica
  8972 | D:8      | Killed Erica
  9103 | D:8      | Reached skill level 1 in Invocations
  9108 | D:8      | Reached **** piety under Okawaru
  9209 | D:8      | Noticed Joseph
  9223 | D:8      | Killed Joseph
  9461 | D:8      | Reached XP level 11. HP: 64/75 MP: 13/13
  9614 | D:8      | Found a shimmering altar of Xom.
  9627 | D:8      | Reached skill level 12 in Long Blades
  9640 | D:8      | Received a gift from Okawaru
 10070 | D:8      | Killed a two-headed ogre
 10350 | D:8      | Reached skill level 5 in Invocations
 10576 | D:9      | Noticed Harold
 10598 | D:9      | Killed Harold
 10940 | D:9      | Noticed a centaur warrior
 10952 | D:9      | Killed a centaur warrior
 10952 | D:9      | Reached ***** piety under Okawaru
 11144 | D:9      | Received a gift from Okawaru
 11297 | D:9      | Found a staircase to the Lair.
 11645 | D:10     | Entered Level 10 of the Dungeon
 11690 | D:9      | Reached skill level 10 in Crossbows
 11865 | D:10     | Noticed a two-headed ogre
 11870 | D:10     | Killed a two-headed ogre
 11871 | D:10     | Reached skill level 13 in Long Blades
 11873 | D:10     | Found an ancient bone altar of Kikubaaqudgha.
 11893 | D:10     | Noticed a two-headed ogre
 11902 | D:10     | Reached XP level 12. HP: 81/81 MP: 17/17
 11909 | D:10     | Killed a two-headed ogre
 11924 | D:10     | Noticed a boulder beetle
 12207 | D:10     | Found a runed translucent door.
 12209 | D:10     | Noticed Daunt's ghost (novice DEFE)
 12233 | D:10     | Found a stormy altar of Qazlal.
 12487 | D:10     | Killed a boulder beetle
 12819 | D:10     | Found a glowing golden altar of the Shining One.
 12871 | D:10     | Noticed a boulder beetle
 13534 | D:11     | Noticed a five-headed hydra
 13542 | D:11     | Killed a one-headed hydra
 13674 | D:11     | Received a gift from Okawaru
 13743 | D:11     | Noticed a rakshasa
 13967 | D:5      | Killed ytrimaz's ghost
 13967 | D:5      | Received a gift from Okawaru
 14261 | Lair:1   | Entered Level 1 of the Lair of Beasts
 15070 | Lair:1   | Received a gift from Okawaru
 15621 | Lair:2   | Reached XP level 13. HP: 81/88 MP: 18/20
 15629 | Lair:2   | Noticed a boulder beetle
 15640 | Lair:2   | Killed a boulder beetle
 15641 | Lair:2   | Reached skill level 5 in Shields
 16385 | Lair:2   | Found the +8 whip "Snakebite" {venom, curare, rPois}
 16608 | Lair:3   | Noticed Ramman's ghost (journeyman MiBe)
 16639 | Lair:3   | Found a hole to the Spider Nest.
 16645 | Lair:3   | Identified a scroll of acquirement
 16646 | Lair:3   | Acquired the ring "Casifon" {rElec Dex+6 Slay+2}
 16671 | Lair:3   | Acquired the +0 pair of boots of Heresy {rC+ Slay+2 Stlth+}
 16702 | Lair:3   | Noticed a five-headed hydra
 16719 | Lair:3   | Killed a one-headed hydra
 16720 | Lair:3   | Reached skill level 10 in Invocations
 16726 | Lair:3   | Reached skill level 14 in Long Blades
 16726 | Lair:3   | Reached skill level 5 in Armour
 17397 | Lair:3   | Found a runed translucent gate.
 17403 | Lair:3   | Found a runed translucent gate.
 17403 | Lair:3   | Found a runed translucent gate.
 17741 | Lair:4   | Noticed a boulder beetle
 17759 | Lair:4   | Killed a boulder beetle
 17764 | Lair:4   | Found a staircase to the Swamp.
 19466 | Lair:5   | Noticed Rupert
 19485 | Lair:5   | Killed Rupert
 19485 | Lair:5   | Received a gift from Okawaru
 19532 | Lair:5   | Noticed Vainiore's ghost (journeyman VSTm)
 19532 | Lair:5   | Noticed an eight-headed hydra
 19534 | Lair:5   | Noticed a minotaur
 19534 | Lair:5   | Noticed a four-headed hydra
 19556 | Lair:5   | Reached skill level 5 in Fighting
 19969 | Lair:5   | Found a runed translucent gate.
 19969 | Lair:5   | Found a runed translucent gate.
 19969 | Lair:5   | Found a runed translucent gate.
 19970 | Lair:5   | Noticed Snorg
 19972 | Lair:5   | Noticed Snorg
 19972 | Lair:5   | Snorg changed into Snorg the black mamba
 19975 | Lair:5   | Killed Snorg the black mamba
 20164 | Lair:5   | Reached XP level 14. HP: 94/98 MP: 20/22
 20392 | Lair:5   | Found a staircase to the Slime Pits.
 20601 | Lair:5   | Killed Vainiore's ghost
 20661 | Lair:5   | Killed a minotaur
 21013 | Lair:6   | Entered Level 6 of the Lair of Beasts
 21410 | Lair:6   | Reached ****** piety under Okawaru
 22076 | Lair:6   | Received a gift from Okawaru
 22988 | Lair:6   | Received a gift from Okawaru
 23268 | Lair:6   | Reached XP level 15. HP: 69/105 MP: 16/24
 23274 | Lair:6   | Received a gift from Okawaru
 24527 | Lair:3   | Killed Ramman's ghost
 24547 | Lair:3   | Identified the +12 falchion of Pandemonium {freeze, rC+ rN+
                  | Dex+6}
 24601 | Spider:1 | Entered Level 1 of the Spider Nest
 24601 | Spider:1 | Noticed an emperor scorpion
 24619 | Lair:3   | Killed an emperor scorpion
 24973 | D:10     | Killed Daunt's ghost
 26152 | D:12     | Found a gate leading to a gauntlet.
 26188 | D:12     | Received a gift from Okawaru
 26228 | Gauntlet | Entered a Gauntlet
 26228 | Gauntlet | Found a transporter.
 26245 | Gauntlet | Found a transporter.
 26249 | Gauntlet | Found a runed translucent door.
 26249 | Gauntlet | Found a runed translucent door.
 26259 | Gauntlet | Found a transporter.
 26261 | Gauntlet | Found a transporter.
 26267 | Gauntlet | Found a runed translucent gate.
 26267 | Gauntlet | Found a runed translucent gate.
 26267 | Gauntlet | Found a runed translucent gate.
 26270 | Gauntlet | Found a transporter.
 26286 | Gauntlet | Found a transporter.
 26296 | Gauntlet | Found a transporter.
 26306 | Gauntlet | Found a transporter.
 26323 | Gauntlet | Found a transporter.
 26329 | Gauntlet | Found a transporter.
 26331 | Gauntlet | Found a transporter.
 26342 | Gauntlet | Found a transporter.
 26362 | Gauntlet | Reached skill level 10 in Shields
 26418 | Gauntlet | Found a transporter.
 26564 | Gauntlet | Identified the ring of Wufiwoer {Will+ Int+4 SInv Stlth+}
 26568 | Gauntlet | Identified the ring "Jiasow" {rN+ Int+2}
 26732 | D:12     | Identified the +7 short sword "Ytzuc" {elec, rElec Int+4
                  | Dex+4 Stlth-}
 26749 | D:12     | Received a gift from Okawaru
 26860 | D:12     | Found a transporter.
 26861 | D:12     | Found a staircase to the Orcish Mines.
 26866 | D:12     | Noticed KennySheep's ghost (journeyman DECj)
 26945 | D:12     | Noticed Erolcha
 26960 | D:12     | Killed Erolcha
 27789 | D:12     | Found a transporter.
 28346 | Orc:1    | Entered Level 1 of the Orcish Mines
 28846 | Orc:2    | Entered Level 2 of the Orcish Mines
 29332 | Orc:1    | Received a gift from Okawaru
 29456 | Orc:1    | Reached skill level 10 in Evocations
 29841 | Orc:2    | Found a staircase to the Elven Halls.
 31345 | Orc:2    | Reached XP level 16. HP: 66/115 MP: 15/26
 31638 | Orc:2    | Found Ykhoes's Magic Scroll Emporium.
 31638 | Orc:2    | Found Qagebbou's Jewellery Shop.
 31640 | Orc:2    | Found Jaintule's Assorted Antiques.
 31642 | Orc:2    | Found Heameas's Magic Scroll Shoppe.
 31649 | Orc:2    | Bought a scroll of identify for 60 gold pieces
 31655 | Orc:2    | Bought a scroll of identify for 28 gold pieces
 31655 | Orc:2    | Bought a scroll of identify for 28 gold pieces
 31655 | Orc:2    | Bought a scroll of identify for 28 gold pieces
 31655 | Orc:2    | Bought a scroll of identify for 28 gold pieces
 31655 | Orc:2    | Bought a scroll of fear for 49 gold pieces
 31655 | Orc:2    | Bought a scroll of fear for 49 gold pieces
 31662 | Orc:2    | Bought an amulet of regeneration for 390 gold pieces
 31675 | Orc:2    | Bought a wand of iceblast (5) for 120 gold pieces
 31678 | Orc:2    | Bought a scroll of vulnerability for 120 gold pieces
 31678 | Orc:2    | Bought a scroll of enchant weapon for 120 gold pieces
 31678 | Orc:2    | Bought a scroll of enchant weapon for 120 gold pieces
 31678 | Orc:2    | Bought a scroll of fog for 32 gold pieces
 32131 | Orc:1    | Reached skill level 10 in Armour
 32786 | D:13     | Received a gift from Okawaru
 33137 | D:13     | Reached skill level 15 in Long Blades
 33162 | D:13     | Received a gift from Okawaru
 33562 | D:14     | Found a shadowy altar of Dithmenos.
 33890 | D:14     | Received a gift from Okawaru
 34067 | D:14     | Found a gate to the Vaults.
 34607 | D:15     | Entered Level 15 of the Dungeon
 35084 | D:15     | Found a staircase to the Depths.
 35238 | D:15     | Identified the +0 leather armour of the Blind Marksman
                  | {rElec Str+3}
 35281 | D:15     | Acquired 500 gold pieces
 35973 | Lair:3   | HP: 5/117 [poisoned by a redback]
 35974 | Lair:3   | Succumbed to a redback's poison

Illustrated notes

Levels and vault maps discovered:
D:1:      onia_arrival_mini_maze_b, layout_rooms, supply_closet_lemuel,
          minmay_misc_feat_four_crosses
D:2:      layout_basic, serial_shops, nicolae_shop_bloodbath_and_beyond,
          hellmonk_ecumenical_altar_watching_god, minmay_misc_feat_doors,
          hex_tiny, minmay_between
D:3:      layout_loops_corners
D:4:      layout_gridville, mainiacjoe_overflow_alcove_2,
          minmay_temple_entry_tees
D:5:      layout_rooms, nicolae_hepliaklqana_monster_ancestors,
          hellmonk_ghost_happy_afterlife
D:6:      layout_basic, general_overflow_altar, serial_shops,
          nicolae_shop_temple_entry_statues_fountains, serial_co_window_serial,
          co_window_corner_a, co_window_paths_a, co_window_corner_a,
          co_window_cross_1, co_window_of_opportunity_a,
          co_window_of_opportunity_c, co_window_of_opportunity_c,
          co_window_of_opportunity_b, co_window_of_opportunity_c, co_window_sun,
          co_window_4corner_b, hangedman_decor_growths, minmay_ruined_shrine,
          uniq_sigmund, uniq_grinder, uniq_maggie, uniq_blork_the_orc
D:7:      layout_rooms, lemuel_zombie_altar_yredelemnul
D:8:      layout_loops_ring, xom_confusion_cloud, minmay_statues_item,
          uniq_erica, uniq_prince_ribbit1, uniq_joseph
D:9:      layout_long_grid, grunt_lair_entry_orc_guard_hut,
          nicolae_underground_beach, uniq_harold
D:10:     layout_basic, nicolae_qazlal_scattered_showers,
          ebering_ghost_inner_flame, hangedman_feature_mirror
D:11:     layout_loops_ring
D:12:     layout_long_grid, orc_0_dummy, gauntlet_entry_generic,
          gammafunk_ghost_stat_death, kennysheep_generic_room_7, uniq_erolcha
D:13:     layout_long_grid
D:14:     layout_roguey, david_vaults_2, nicolae_dithmenos_shadow_blocks
D:15:     gammafunk_depths_entry_grave, layout_basic, minmay_misc_feat_room
Temple:   eino_temple_scatter_basement
Lair:1:   layout_gridlike, minivault_25
Lair:2:   minmay_guarded_unrand_snakebite, layout_chaotic_city, minivault_26,
          grunt_megastairs_5
Lair:3:   layout_misc_corridors, spider_nest_entry_web_field,
          gammafunk_ghost_icy, grunt_megastairs_2, lemuel_fruit_fields
Lair:4:   layout_cave_shapes, minmay_swamp_entry_swarm
Lair:5:   layout_regular_city, dpeg_slime_entry_corner,
          maelrawn_ghost_gauntlet_escape, serial_bayou_lagoon_b, uniq_snorg,
          uniq_rupert
Lair:6:   minmay_lair_end_enchanted_forest, layout_cellular_growth,
          infiniplex_staircase_pool_2
Spider:1: layout_spider_delve, nicolae_looking_at_the_future, uniq_aizul
Orc:1:    layout_caves, nicolae_orc_lava_tube, kennysheep_orc_chapel
Orc:2:    st_orc_rangers, layout_caves

Skill      XL: |  1  2  3  4  5  6  7  8  9 10 11 12 13 14 15 16 |
---------------+-------------------------------------------------+-----
Long Blades    | 3 4 5 6 7 8 10 11 13 14 15 | 15.5
Evocations     | 1 3 4 5 7 8 10 11 | 11.1
Crossbows      | 2 6 8 10 11 12 | 12.9
Invocations    | 3 7 9 11 12 13 14 | 14.4
Shields        | 4 7 9 10 11 | 11.1
Armour         | 4 6 8 9 10 | 10.6
Fighting       | 5 6 7 8 |  8.3

Action                   |  1- 3 |  4- 6 |  7- 9 | 10-12 | 13-15 | 16-18 || total
-------------------------+-------+-------+-------+-------+-------+-------++-------
Melee: Long sword        |    80 |   149 |   246 |   120 |       |       ||   595
       Scimitar          |       |       |       |   236 |    52 |       ||   288
       Falchion          |       |       |       |    16 |       |       ||    16
       Great sword       |       |       |       |   199 |   410 |       ||   609
       Triple sword      |       |       |       |       |   550 |   213 ||   763
 Fire: Arbalest          |       |       |     6 |    11 |    75 |    94 ||   186
Throw: Dart              |       |       |       |     3 |    16 |       ||    19
       Throwing net      |       |       |       |       |       |     2 ||     2
Invok: Heroism           |       |       |     5 |    17 |    11 |     4 ||    37
       Finesse           |       |       |       |     1 |     2 |     1 ||     4
 Abil: Dig               |     1 |     4 |     4 |    17 |    17 |     9 ||    52
       Evoke Invisibilit |       |       |       |       |     1 |       ||     1
Evoke: Wand              |       |     6 |     6 |    13 |    12 |     5 ||    42
       Lightning rod     |       |       |       |       |     4 |       ||     4
       Condenser vane    |       |       |       |       |       |     1 ||     1
  Use: Potion            |       |     1 |       |     1 |     6 |    10 ||    18
       Scroll            |       |       |     2 |     8 |    13 |    14 ||    37
 Stab: Invisible         |       |       |       |       |     3 |       ||     3
       Held in net/web   |       |       |       |       |     1 |     2 ||     3
       Paralysed         |       |       |       |       |       |     7 ||     7
       Distracted        |       |       |       |       |       |     1 ||     1
Armor: Scale mail        |    22 |       |       |       |       |       ||    22
       Plate armour      |    11 |    95 |   117 |    28 |       |       ||   251
       Chain mail        |       |       |       |   203 |   350 |   135 ||   688
Dodge: Dodged            |    29 |    53 |    48 |   156 |   319 |    67 ||   672
       Repelled          |       |       |       |       |     5 |       ||     5
Block: Buckler           |    18 |    30 |    36 |    96 |       |       ||   180
       Kite shield       |       |       |       |    15 |   584 |    89 ||   688
       Tower shield      |       |       |       |       |       |   116 ||   116

Table legend: (Time is in decaauts)
 A = Elapsed time spent in this place.
 B = Non-inter-level travel time spent in this place.
 C = Inter-level travel time spent in this place.
 D = Time resting spent in this place.
 E = Time spent auto-exploring this place.
 F = Levels seen in this place.
 G = Mean time per level.
                   A        B        C        D        E       F      G
               +--------+--------+--------+--------+--------+-----+--------+
         Total |  36055 |  34144 |   1911 |   5731 |  22186 |  26 | 1386.7 |
       Dungeon |  20281 |  19195 |   1086 |   2861 |  12711 |  15 | 1352.1 |
        Temple |    236 |    201 |     35 |      0 |    178 |   1 |  236.0 |
          Lair |  10960 |  10349 |    611 |   1054 |   7676 |   6 | 1826.7 |
   Spider Nest |     62 |     61 |      1 |      0 |     13 |   1 |   62.0 |
  Orcish Mines |   4095 |   3918 |    177 |   1692 |   1562 |   2 | 2047.5 |
      Gauntlet |    420 |    420 |      0 |    124 |     46 |   1 |  420.0 |
               +--------+--------+--------+--------+--------+-----+--------+

Top non-repeatable levels by time:
  Lair:6: 2966 daAuts
   Orc:1: 2636 daAuts
    D:11: 2201 daAuts
     D:6: 1975 daAuts
  Lair:5: 1952 daAuts
  Lair:3: 1892 daAuts
  Lair:4: 1706 daAuts
    D:10: 1590 daAuts
     D:8: 1580 daAuts
     D:7: 1548 daAuts
     D:9: 1487 daAuts
   Orc:2: 1459 daAuts
    D:12: 1433 daAuts
  Lair:2: 1317 daAuts
     D:5: 1214 daAuts
